 Dungeon Crawl Stone Soup version 0.21.1-68-g103a7afc0a (webtiles) character file.

119 IceCat the Shield-Bearer (level 5, -2/32 HPs)
             Began as a Gargoyle Fighter on Aug 2, 2018.
             Killed from afar by Sigmund (7 damage)
             ... with a puff of flame
             ... on level 2 of the Dungeon.
             The game lasted 00:04:34 (1373 turns).

IceCat the Shield-Bearer (Gargoyle Fighter)         Turns: 1373, Time: 00:04:34

Health: -2/32      AC: 10    Str: 21    XL:     5   Next: 3%
Magic:  5/5        EV:  7    Int:  8    God:
Gold:   102        SH:  9    Dex:  9    Spells: 4/4 levels left

rFire    . . .     SeeInvis .   a - +0 flail
rCold    . . .     Gourm    .   c - +0 shield
rNeg     + . .     Faith    .   b - +0 scale mail
rPois    ∞         Spirit   .   (no helmet)
rElec    +         Reflect  .   (no cloak)
rCorr    .         Harm     .   (no gloves)
MR       .....                  (no boots)
Stlth    ..........             (no amulet)
HPRegen  0.10/turn              (no ring)
MPRegen  0.09/turn              (no ring)

@: no status effects
A: negative energy resistance 1, electricity resistance, unbreathing,
petrification resistance, rot immunity, AC +4
a: no special abilities


You were on level 2 of the Dungeon.
You were not hungry.

You visited 1 branch of the dungeon, and saw 2 of its levels.

You collected 102 gold pieces.

Inventory:

Hand Weapons
 a - a +0 flail (weapon)
Armour
 b - a +0 scale mail (worn)
 c - a +0 shield (worn)
Scrolls
 e - a scroll of blinking {unknown}
 h - a scroll of random uselessness {unknown}
 i - 3 scrolls of identify {unknown}
 j - a scroll of enchant armour {unknown}
 k - a scroll of amnesia {unknown}
 l - a scroll of remove curse {unknown}
 m - a scroll of enchant weapon {unknown}
Potions
 d - 3 potions of might
 n - a potion of curing {unknown}
 o - a potion of flight {unknown}
Comestibles
 f - 3 rations
 g - 6 chunks of flesh


   Skills:
 - Level 3.2 Fighting
 * Level 4.1 Maces & Flails
 - Level 3.2 Armour
 - Level 4.5 Shields


You had 4 spell levels left.
You didn't know any spells.

Dungeon Overview and Level Annotations

Branches:
Dungeon (2/15)

Altars:

Annotations:
D:2 Sigmund


Innate Abilities, Weirdness & Mutations

You are resistant to torment.
Your stone body is resilient. (AC +4)
You are immune to poison.
You resist negative energy. (rN+)
You are resistant to electric shocks. (rElec)
You can survive without breathing.
You are immune to petrification.
You are immune to rotting.


Message History

You closely miss Sigmund. Sigmund casts a spell at you.
You resist with some effort.
Your shield and scale mail prevent you from hitting Sigmund.
Sigmund hits you with a scythe.
* * * LOW HITPOINT WARNING * * *
You barely miss Sigmund. You block Sigmund's attack.
You closely miss Sigmund. You hit Sigmund.
Sigmund is moderately wounded.
Sigmund points at you and mumbles some strange words.
The magic dart hits you!
* * * LOW HITPOINT WARNING * * *
Sigmund gestures at you while chanting. The magic dart hits you!
You hit Sigmund.
Sigmund is heavily wounded.
Sigmund gestures at you while chanting. The puff of flame hits you!
You die...

# #. ################ ..
#......##.......
#####.#######......##.######
.?........@........'........
####..#####@.......##.#####.
#. #........##.# ## ..
#........##.# ### #.
###[.....##.# #.. ####..#
#......##.####+# .......
#######...#..... #######
#.###..... ...
#####...+..... #>#
#####......##.....


You could see Sigmund.

Vanquished Creatures
  A hound (D:2)
  Jessica (D:2)
  An adder (D:2)
  An ooze (D:2)
  A worm (D:2)
  2 dart slugs
  A leopard gecko (D:2)
  6 bats
  5 goblins
  9 hobgoblins
  A ball python (D:2)
  2 frilled lizards
  4 kobolds (D:1)
  9 rats
44 creatures vanquished.

Notes
Turn   | Place    | Note
-------+----------+-------------------------------------------
     0 | D:1      | IceCat the Gargoyle Fighter began the quest for the Orb.
     0 | D:1      | Reached XP level 1. HP: 14/14 MP: 1/1
    66 | D:1      | Reached XP level 2. HP: 8/19 MP: 2/2
   475 | D:1      | Reached XP level 3. HP: 23/23 MP: 3/3
   692 | D:2      | Noticed Jessica
   704 | D:2      | Killed Jessica
   704 | D:2      | Reached XP level 4. HP: 20/28 MP: 4/4
  1200 | D:2      | Reached XP level 5. HP: 26/32 MP: 5/5
  1350 | D:2      | Noticed Sigmund
  1373 | D:2      | Killed from afar by Sigmund

Skill      XL: |  1  2  3  4 |
---------------+-------------+-----
Shields        | 4 |  4.5
Maces & Flails | 3 4 |  4.1
Fighting       | |  3.2
Armour         | |  3.2

Action                   |  1- 3 |  4- 6 || total
-------------------------+-------+-------++-------
Melee: Flail             |    87 |    62 ||   149
  Eat: Chunk             |       |     2 ||     2
Armor: Scale mail        |    41 |    32 ||    73
Dodge: Dodged            |    35 |    18 ||    53
Block: Shield            |    54 |    32 ||    86
